 Dungeon Crawl Stone Soup version 0.30.1-4-g462c640d31 (webtiles) character file.

Game seed: 8027190901590846875

78038 Amplified the Fighter (level 15, -6/184 HPs)
             Began as a Demonspawn Reaver on Sept 8, 2023.
             Was a Believer of Ashenzari.
             Mangled by a vault guard
             ... wielding a +2 bardiche
              (12 damage)
             ... on level 14 of the Dungeon on Sept 9, 2023.
             The game lasted 01:08:07 (26341 turns).

Amplified the Fighter (Demonspawn Reaver)          Turns: 26341, Time: 01:08:08

Health: -6/184     AC: 27    Str: 18    XL:     15   Next: 17%
Magic:  26/28      EV:  2    Int: 16    God:    Ashenzari [**....]
Gold:   1119       SH:  0    Dex: 12    Spells: 19/32 levels left

rFire   . . .        c - +0 flail
rCold   . . .        d - orb {guile}
rNeg    . . .        e - melded +2 leather armour {rF+}
rPois   +            (helmet currently unavailable)
rElec   .            (cloak currently unavailable)
rCorr   .            (gloves currently unavailable)
SInv    +            v - melded +2 pair of boots "Tethered Apathy" {Bglg, Melee} (curse)
Will    .....        r - amulet of Ashenzari's Sybil {Acrobat, Elem, Comp} (curse)
Stlth   +            F - ring of Ashenzari's Paranoia {EV+5, Melee, Elem} (curse)
HPRegen 0.50/turn    D - ring of Curses and Power {Slay+4, Alch, Melee} (curse)
MPRegen 0.21/turn

%: acrobat
@: tree-form
A: stationary, stasis, torment immunity, boosted hp, (antennae 1), foul stench
1, (spiny 1), (sanguine armour 2), (poison resistance)
a: Renounce Religion, Curse Item, Shatter the Chains


You were on level 14 of the Dungeon.
You worshipped Ashenzari.
Ashenzari was pleased with you.
You were a tree.
You visited 4 branches of the dungeon, and saw 22 of its levels.
You also visited: Bailey.

You collected 1973 gold pieces.
You spent 854 gold pieces at shops.

Inventory:

Hand Weapons
 b - a +1 scimitar of flaming
 c - a +0 flail (weapon)
 M - the +7 long sword of No Interval {elec, rPois}
   (You found it on level 15 of the Dungeon)

   rPois:     It protects you from poison.
Missiles
 g - 72 poisoned darts (quivered)
 h - 2 silver javelins
 J - 8 boomerangs
Armour
 d - an orb of guile (worn)
 e - a +2 leather armour of fire resistance (melded)
 i - a +2 leather armour of willpower
 q - +0 acid dragon scales
 t - the +1 leather armour of a Gauntlet {-Cast Harm rCorr}
   (You found it on level 4 of the Dungeon)

   -Cast:     It prevents spellcasting.
   rCorr:     It protects you from acid and corrosion.
   Harm:      It increases damage dealt and taken.
 v - the cursed +2 pair of boots "Tethered Apathy" (melded) {Bglg, Melee}
   (You found it on level 9 of the Dungeon)

   It has a curse which improves the following skills: Beguiling: Conjurations,
   Hexes and Translocations.
   Melee Combat: Short Blades, Long Blades, Axes, Maces & Flails, Polearms,
   Staves and Unarmed Combat.
 w - a +1 leather armour of poison resistance
Jewellery
 f - a ring of willpower
 o - a ring of protection from fire
 r - the cursed amulet of Ashenzari's Sybil (around neck) {Acrobat, Elem, Comp}
   (You found it on level 3 of the Dungeon)

   [amulet of the acrobat]

   It increases your evasion while moving and waiting.
   It has a curse which improves the following skills: Elements: Fire Magic, Ice
   Magic, Air Magic and Earth Magic.
   Companions: Summonings and Necromancy.
 x - an amulet of regeneration
 z - a ring of positive energy
 D - the cursed ring of Curses and Power (right branch) {Slay+4, Alch, Melee}
   (You found it on level 8 of the Dungeon)

   [ring of slaying]

   Slay:      It affects your accuracy & damage with ranged weapons and melee
   (+4).
   It has a curse which improves the following skills: Alchemy: Poison Magic and
   Transmutations.
   Melee Combat: Short Blades, Long Blades, Axes, Maces & Flails, Polearms,
   Staves and Unarmed Combat.
 F - the cursed ring of Ashenzari's Paranoia (left branch) {EV+5, Melee, Elem}
   (You found it on level 8 of the Dungeon)

   [ring of evasion]

   EV:        It affects your evasion (+5).
   It has a curse which improves the following skills: Melee Combat: Short
   Blades, Long Blades, Axes, Maces & Flails, Polearms, Staves and Unarmed
   Combat.
   Elements:  Fire Magic, Ice Magic, Air Magic and Earth Magic.
 I - a ring of resist corrosion
Wands
 l - a wand of quicksilver (6)
 S - a wand of flame (9)
Scrolls
 a - a scroll of enchant weapon
 k - 11 scrolls of identify
 s - 5 scrolls of vulnerability
 A - 2 scrolls of brand weapon
 B - 2 scrolls of enchant armour
 C - 4 scrolls of immolation
 H - a scroll of fog
Potions
 n - 4 potions of attraction
 p - 3 potions of brilliance
 u - 6 potions of mutation
 E - a potion of cancellation
 G - 3 potions of ambrosia
 K - a potion of lignification
 L - a potion of resistance
 O - 4 potions of curing
 R - a potion of magic


   Skills:
 * Level 13.0 Fighting
 - Level 11.7(13.4) Maces & Flails
 - Level 5.9 Armour
 * Level 8.4 Dodging
 * Level 9.2 Spellcasting
 - Level 8.2 Conjurations
 * Level 4.6 Hexes
 - Level 6.3(7.5) Necromancy
 - Level 7.0 Evocations


You had 19 spell levels left.
You knew the following spells:

 Your Spells              Type           Power      Damage    Failure   Level
a - Kiss of Death         Conj/Necr      100%       2d13      1%          1
b - Momentum Strike       Conj/Tloc      40%        3d9       2%          2
c - Portal Projectile     Hex/Tloc       28%        N/A       12%         3
d - Tukima's Dance        Hex            22%        N/A       4%          3
e - Dispel Undead         Necr           31%        3d14      4%          4

Your spell library contained the following spells:

 Spells                   Type           Power      Damage    Failure   Level
 Confusing Touch          Hex            22%        N/A       4%          3
 Hailstorm                Conj/Ice       20%        3d6       5%          3
 Vhi's Electric Charge    Tloc/Air       14%        N/A       28%         3
 Arcjolt                  Conj/Air       10%        1d20      43%         5
 Borgnjor's Vile Clutch   Necr/Erth      9%         N/A       50%         5
 Alistair's Intoxication  Tmut/Pois      4%         N/A       95%         5
 Blade Hands              Tmut           3%         N/A       95%         5
 Eringya's Noxious Bog    Tmut/Pois      3%         N/A       100%        6
 Plasma Beam              Fire/Air       4%         2x1d15    100%        6
 Borgnjor's Revivificati  Necr           15%        N/A       100%        8
 Maxwell's Capacitive Co  Air            4%         ∞         100%        8
 Necromutation            Tmut/Necr      9%         N/A       100%        8
 Death's Door             Necr           15%        N/A       100%        9


Dungeon Overview and Level Annotations

Branches:
Dungeon (15/15)            Temple (1/1) D:4            Lair (4/5) D:11
  Swamp (0/4) Lair:2        Snake (0/4) Lair:3          Orc (2/2) D:9
    Elf (0/3) Orc:2        Vaults (0/5) D:14         Bailey (visited)
  Slime: Lair:4-5    Depths: D:15

Altars:
Ashenzari
Cheibriados
Dithmenos
Fedhas
Gozag
Hepliaklqana
Kikubaaqudgha
Makhleb
Nemelex Xobeh
Okawaru
Qazlal
Ru
Sif Muna
Trog
Uskayaw
Vehumet
Wu Jian
Xom
Yredelemnul

Shops:
D:1 ?   D:6 ?   D:7 [=   D:9 [   Orc:2 !

Annotations:
D:8 exclusion: oklob sapling
D:9 Gastronok
D:14 Rupert
Orc:2 Saint Roka


Innate Abilities, Weirdness & Mutations

You are a tree.
Your roots penetrate the ground, keeping you stationary.
You cannot be teleported.
You are immune to unholy pain and torment.
Your maximum health is greatly increased.
Your equipment is partially melded.
((You have a pair of small antennae on your head.))
You may rarely emit foul miasma when damaged in melee.
((You are partially covered in sharp spines.))
((When seriously injured, your blood forms thick armour. (AC +0)))
((Your system is resistant to poisons. (rPois)))


Message History

The vault guard closely misses you.
Unknown command.
You barely miss the vault guard.
The vault guard is struck by your spines.
The vault guard closely misses you.
The vault guard hits you with a +0 great sword!
* * * LOW HITPOINT WARNING * * *
Unknown command.
Really quaff the potion of lignification?
You turn into a tree.
The cursed +2 pair of boots "Tethered Apathy" {Bglg, Melee} melds into your body.
Your +2 leather armour of fire resistance melds into your body.
You feel less resistant to fire.
Your roots penetrate the ground.
Your blood armour dries and flakes away.
The vault guard hits you but does no damage.
The vault guard hits you with a +0 great sword.
* * * LOW HITPOINT WARNING * * *
The vault guard hits you from afar with a +2 bardiche!
* * * LOW HITPOINT WARNING * * *
Unknown command.
Unknown command.
Unknown command.
You feel better. The vault guard hits you!
* * * LOW HITPOINT WARNING * * *
The vault guard hits you but does no damage. x2
Your +0 glaive hits the vault guard from afar.
You feel better.
The vault guard hits you but does no damage. x2
The vault guard hits you from afar with a +2 bardiche!
* * * LOW HITPOINT WARNING * * *
Unknown command.
Unknown command.
You thump the vault guard!
The vault guard is moderately wounded.
Your +0 glaive hits the vault guard from afar!
The vault guard barely misses you.
The vault guard hits you with a +0 great sword!!
* * * LOW HITPOINT WARNING * * *
The vault guard hits you from afar with a +2 bardiche!
You die...

##############
.....8#8.....###########****
....).#......ppp♣p.(....,,,*
.....©#©.....pp#####p###**,*
......#†)....#.{# *,* *,*
.....8#8.....##p# *,* *,*
###############p# *,* *,*
#** *** #.# **,** *,* .>*
*,* #p#**,,,****,* #.* *,*
#.p.ppppp,,,,* *.# *,*
#.###.p.#***,*


You could see 7 vault guards and a friendly +0 glaive.

Vanquished Creatures
  A hydra (D:12)
  Erolcha (D:11)
  A centaur warrior (D:14)
  A catoblepas (Lair:1)
  2 boulder beetles
  A tengu warrior (D:13)
  12 death yaks
  5 two-headed ogres
  Sonja (D:13)
  A skyshark (Lair:1)
  A bog body (Lair:2)
  2 deep elf pyromancers
  Pikel (D:7)
  2 orc knights (Orc:1)
  3 orc sorcerers
  3 ugly things
  2 cyclopes
  4 elephants
  4 cane toads
  3 black mambas
  A torpor snail (Lair:2)
  Maggie (D:6)
  2 rime drakes (Lair:3)
  An efreet (D:13)
  5 komodo dragons
  Prince Ribbit (D:6)
  8 trolls
  7 blink frogs
  Sigmund (D:3)
  6 slime creatures (D:12)
  A shadow (D:12)
  34 yaks
  4 wraiths
  4 wyverns
  4 basilisks
  3 steam dragons
  6 vampire mosquitoes
  2 wargs (Orc:1)
  Edmund (D:6)
  3 acid dragons
  3 nagas (Lair:3)
  Duvessa (D:7)
  13 water moccasins
  15 orc warriors
  4 black bears
  3 ice beasts
  A sky beast (D:8)
  4 ogres
  5 wolves
  5 centaurs
  2 phantoms
  4 kobold brigands
  6 bullfrogs
  3 scorpions
  4 wights (D:10)
  Dowan (D:7)
  16 killer bees
  3 electric eels
  A crimson imp (D:4)
  2 gnoll boudas
  6 hounds
  17 orc priests
  2 iguanas
  13 orc wizards
  2 sleepcaps
  4 hell rats (Lair:3)
  10 gnolls
  13 adders
  2 white imps
  An ufetubus (D:4)
  A worm (D:5)
  4 dart slugs
  83 orcs
  12 ball pythons
  6 bats
  6 endoplasms
  3 giant cockroaches
  10 goblins
  4 hobgoblins
  11 jackals
  21 kobolds
  3 quokkas
  4 frilled lizards
  4 rats
484 creatures vanquished.

Vanquished Creatures (collateral kills)
  An orc knight (Bailey)
  A cyclops (D:13)
  A tengu conjurer (D:13)
  An orc warrior (D:12)
  An ogre (Orc:1)
  3 killer bees (D:6)
  A hound (D:6)
  3 gnolls (D:6)
  An orc (D:9)
13 creatures vanquished.

Vanquished Creatures (others)
  2 vampire mosquitoes (D:13)
  A centaur (D:9)
  A killer bee (D:6)
  A gnoll (Bailey)
5 creatures vanquished.

Grand Total: 502 creatures vanquished

Notes
Turn   | Place    | Note
-------+----------+-------------------------------------------
     0 | D:1      | Amplified the Demonspawn Reaver began the quest for the
                  | Orb.
     0 | D:1      | Reached XP level 1. HP: 16/16 MP: 3/3
    79 | D:1      | Found Ximeemyll's Magic Scroll Shoppe.
   225 | D:1      | Gained mutation: When seriously injured, your blood forms
                  | armour. (AC +0) [demonic ancestry]
   225 | D:1      | Reached XP level 2. HP: 22/22 MP: 5/5
   845 | D:2      | Gained mutation: You are partially covered in sharp spines.
                  | [demonic ancestry]
   845 | D:2      | Reached XP level 3. HP: 23/28 MP: 6/6
  1148 | D:2      | Gained mutation: You have a pair of small antennae on your
                  | head. [demonic ancestry]
  1148 | D:2      | Reached XP level 4. HP: 29/34 MP: 7/7
  1860 | D:3      | Noticed Sigmund
  1861 | D:3      | Gained mutation: Your system is resistant to poisons.
                  | (rPois) [potion of mutation]
  1980 | D:4      | Noticed a scorpion
  1981 | D:4      | Identified the +1 leather armour of a Gauntlet {-Cast Harm
                  | rCorr}
  1993 | D:4      | Killed a scorpion
  1994 | D:4      | Reached skill level 3 in Fighting
  1994 | D:4      | Reached XP level 5. HP: 37/41 MP: 7/9
  2097 | D:4      | Learned a level 2 spell: Momentum Strike
  2179 | D:4      | Noticed a phantom
  2201 | D:4      | Killed a phantom
  2257 | D:4      | Reached XP level 6. HP: 39/47 MP: 10/10
  2384 | D:4      | Found a staircase to the Ecumenical Temple.
  2399 | Temple   | Entered the Ecumenical Temple
  2477 | Temple   | Became a worshipper of Ashenzari the Shackled
  2606 | D:4      | Identified the ring "Nomionke" {Wiz Int+3}
  2726 | D:5      | Entered Level 5 of the Dungeon
  3275 | D:3      | Killed Sigmund
  3276 | D:3      | Reached skill level 4 in Fighting
  3276 | D:3      | Reached XP level 7. HP: 54/54 MP: 12/12
  3860 | D:5      | Reached skill level 5 in Conjurations
  3866 | D:5      | Reached XP level 8. HP: 33/61 MP: 12/14
  4627 | D:6      | Noticed Edmund
  4650 | D:6      | Killed Edmund
  4651 | D:6      | Reached skill level 5 in Fighting
  4672 | D:6      | Reached skill level 5 in Maces & Flails
  4678 | D:6      | Noticed Prince Ribbit
  4690 | D:6      | Killed Prince Ribbit
  4792 | D:6      | Reached skill level 5 in Spellcasting
  4798 | D:6      | Reached skill level 5 in Dodging
  4919 | D:6      | Reached XP level 9. HP: 68/68 MP: 16/16
  5321 | D:6      | Found Leil's Magic Scroll Shop.
  5332 | D:6      | Reached skill level 6 in Fighting
  5343 | D:6      | Noticed Maggie
  5344 | D:6      | Bought a scroll of fear for 40 gold pieces
  5344 | D:6      | Bought a scroll of teleportation for 30 gold pieces
  5344 | D:6      | Bought a scroll of teleportation for 30 gold pieces
  5344 | D:6      | Bought a scroll of blinking for 75 gold pieces
  5352 | D:6      | Killed Maggie
  5762 | D:7      | Noticed Pikel
  5776 | D:7      | Killed Pikel
  6170 | D:7      | Noticed Duvessa
  6172 | D:7      | Noticed Dowan
  6187 | D:7      | Killed Duvessa
  6193 | D:7      | Killed Dowan
  6332 | D:7      | Found Pinwod's One-of-a-Kind Rings.
  6342 | D:7      | Found Ughel's Armour Shop.
  6449 | D:7      | Reached XP level 10. HP: 73/77 MP: 16/19
  6705 | D:7      | Learned a level 3 spell: Portal Projectile
  7405 | D:8      | Reached * piety under Ashenzari
  7893 | D:8      | Reached skill level 1 in Armour
  8214 | D:8      | Reached skill level 7 in Fighting
  8267 | D:9      | Noticed Gastronok
  8278 | D:9      | Found Amaatuep's Antique Armour Boutique.
  8296 | D:9      | Bought a crude robe for 159 gold pieces
  8296 | D:9      | Identified the +1 robe "Myq Saxzano" {Str+3} (You bought it
                  | in a shop on level 9 of the Dungeon)
  8306 | D:9      | Found a blossoming altar of Fedhas.
  8815 | D:9      | Found a shimmering blue altar of Sif Muna.
  8817 | D:9      | Found a sparkling altar of Nemelex Xobeh.
  8835 | D:9      | Reached ** piety under Ashenzari
  9000 | D:9      | Found a snail-covered altar of Cheibriados.
  9184 | D:9      | Noticed a two-headed ogre
  9412 | D:9      | Killed a two-headed ogre
  9550 | D:9      | Found a shadowy altar of Dithmenos.
  9553 | D:9      | Found a hazy altar of Hepliaklqana.
  9555 | D:9      | Found an opulent altar of Gozag.
  9618 | D:9      | Found a staircase to the Orcish Mines.
  9785 | D:10     | Entered Level 10 of the Dungeon
  9866 | D:10     | Found a flagged portal.
  9883 | Bailey   | Entered a bailey
 10017 | Bailey   | Reached skill level 10 in Maces & Flails
 10017 | Bailey   | Reached XP level 11. HP: 83/83 MP: 21/21
 10107 | Bailey   | Noticed an orc knight
 10128 | Bailey   | Killed an orc knight
 10650 | D:10     | Reached XP level 12. HP: 85/91 MP: 22/22
 10997 | D:10     | Reached skill level 1 in Evocations
 11030 | D:10     | Reached skill level 5 in Armour
 11262 | D:11     | You fall into a shaft and drop 3 floors!
 11266 | D:14     | Noticed a tengu warrior
 11446 | D:13     | Reached skill level 8 in Fighting
 11818 | D:12     | Found a radiant altar of Vehumet.
 12137 | D:11     | Noticed Erolcha
 12142 | D:11     | Noticed a two-headed ogre
 12174 | D:11     | Killed a two-headed ogre
 12224 | D:11     | Identified the cursed +2 pair of boots "Tethered Apathy"
                  | {Bglg, Melee} (You found it on level 9 of the Dungeon)
 12872 | D:11     | Found a staircase to the Lair.
 12984 | D:11     | Reached skill level 1 in Necromancy
 13070 | D:11     | Killed Erolcha
 14106 | D:13     | Noticed a two-headed ogre
 14111 | D:12     | Noticed a four-headed hydra
 14310 | D:12     | Reached skill level 5 in Evocations
 14727 | D:13     | Noticed Sonja
 14729 | D:13     | Killed Sonja
 14920 | D:13     | Noticed a two-headed ogre
 14939 | D:13     | Killed a two-headed ogre
 15085 | D:13     | Noticed a tengu warrior
 15184 | D:12     | Reached skill level 9 in Fighting
 15430 | D:12     | Killed a four-headed hydra
 15431 | D:12     | Reached skill level 5 in Necromancy
 15646 | Lair:1   | Entered Level 1 of the Lair of Beasts
 15810 | Orc:1    | Entered Level 1 of the Orcish Mines
 15985 | D:9      | Gained mutation: When seriously injured, your blood forms
                  | thick armour. (AC +0) [demonic ancestry]
 15985 | D:9      | Reached XP level 13. HP: 41/101 MP: 20/23
 16324 | Orc:2    | Entered Level 2 of the Orcish Mines
 16684 | Orc:2    | Found a staircase to the Elven Halls.
 17020 | Orc:2    | Found Dafiohe's Distillery.
 17842 | Lair:3   | Found a staircase to the Snake Pit.
 18753 | Lair:2   | Reached skill level 11 in Fighting
 18753 | Lair:2   | Reached XP level 14. HP: 75/114 MP: 25/25
 18917 | Lair:2   | Reached skill level 12 in Fighting
 19112 | Lair:2   | Found a staircase to the Swamp.
 19644 | Lair:3   | Learned a level 3 spell: Tukima's Dance
 19809 | Lair:3   | Reached skill level 1 in Hexes
 23719 | Lair:1   | Gained mutation: You may rarely emit foul miasma when
                  | damaged in melee. [demonic ancestry]
 23719 | Lair:1   | Reached XP level 15. HP: 99/122 MP: 25/27
 24575 | Orc:2    | Bought a potion of heal wounds for 65 gold pieces
 24575 | Orc:2    | Bought 2 potions of curing for 78 gold pieces
 24575 | Orc:2    | Bought a potion of curing for 39 gold pieces
 24575 | Orc:2    | Bought a potion of heal wounds for 65 gold pieces
 24575 | Orc:2    | Bought a potion of haste for 130 gold pieces
 24575 | Orc:2    | Bought a potion of lignification for 39 gold pieces
 24575 | Orc:2    | Bought a potion of ambrosia for 104 gold pieces
 24802 | Orc:2    | Noticed Saint Roka
 25411 | D:14     | Noticed Rupert
 25710 | D:15     | Entered Level 15 of the Dungeon
 25710 | D:15     | Identified the +7 long sword of No Interval {elec, rPois}
 26094 | D:14     | Reached skill level 13 in Fighting
 26261 | D:14     | Learned a level 4 spell: Dispel Undead
 26261 | D:14     | Found a transporter.
 26324 | D:14     | Found a gate to the Vaults.
 26341 | D:14     | HP: 6/184 [vault guard/+0 great sword (18)]
 26341 | D:14     | Mangled by a vault guard

Illustrated notes

Levels and vault maps discovered:
D:1:      dpeg_chamrin_arrival_tetris, layout_basic, serial_shops, shop,
          minmay_tetromino_l4
D:2:      layout_loops_cross, serial_glass, glass_columns_a, glass_columns_a
D:3:      layout_basic, palyth_stone_intersect, corner_web_ring,
          chequers_serial_rivers_large_b, minmay_misc_feat_plants, uniq_sigmund
D:4:      layout_gridville, minmay_temple_entry_glass,
          eino_small_chamber_without_monster, minmay_fire_ice_demons
D:5:      layout_cave_pools, serial_bayou_pond_c
D:6:      layout_rooms, serial_shops, nicolae_stop_n_shop_2,
          uniq_prince_ribbit1, uniq_maggie, uniq_edmund
D:7:      layout_loops_ring, serial_shops, shop, nicolae_shop_unique_rings,
          uniq_pikel, uniq_duvessa
D:8:      layout_layer_cave, introduction_to_nature_2
D:9:      layout_small_grid, chequers_temple_overflow_statue_of_worship,
          fedhas_altar_fruit_tree, grunt_temple_overflow_diamond,
          hiddenorc1_lemuel, serial_shops, nicolae_stop_n_shop_1,
          minmay_misc_feat_iff, minmay_misc_feat_columns,
          minmay_misc_feat_hallway, uniq_gastronok
D:10:     layout_roguey, enter_bailey_3
D:11:     layout_basic, erik_lair_island, uniq_erolcha
D:12:     layout_basic, serial_curves, eino_curves_04, eino_curves_04,
          eino_curves_02, nicolae_vehumet_radiance
D:13:     layout_basic, uniq_sonja
D:14:     layout_basic, erik_vaults_2, minivault_19, nicolae_diode_basic,
          uniq_rupert
D:15:     gammafunk_depths_entry_grave, layout_cross
Temple:   nicolae_temple_great_sept
Lair:1:   layout_gridlike, beast_lair_carwin_5
Lair:2:   layout_cellular_growth, skrybe_swamp_entry_bodies, st_stairs_8,
          serial_bayou_shore_a
Lair:3:   layout_layer_cave, minmay_snake_entry_guardpost_medium,
          grunt_megastairs_5
Lair:4:   layout_gridlike, grunt_megastairs_1
Orc:1:    layout_diamond_mine
Orc:2:    st_orc_congregation, layout_caves, serial_shops, shop, uniq_saint_roka

Skill      XL: |  1  2  3  4  5  6  7  8  9 10 11 12 13 14 15 |
---------------+----------------------------------------------+-----
Dodging        | 2 3 4 5 6 8 |  8.4
Maces & Flails | 3 4 5 6 10 11 | 11.7
Fighting       | 3 4 5 6 7 9 11 12 13 | 13.0
Spellcasting   | 3 4 5 6 7 8 9 |  9.2
Conjurations   | 4 5 6 7 8 |  8.2
Armour         | 4 5 |  5.9
Evocations     | 6 7 |  7.0
Necromancy     | 5 6 |  6.3
Hexes          | 3 4 |  4.6

Action                     |  1- 3 |  4- 6 |  7- 9 | 10-12 | 13-15 || total
---------------------------+-------+-------+-------+-------+-------++-------
  Melee: Flail             |    83 |   128 |   208 |   610 |   810 ||  1839
         Punch             |       |     1 |     7 |     5 |     8 ||    21
  Throw: Dart              |       |       |     4 |     9 |    11 ||    24
         Throwing net      |       |       |     2 |     1 |       ||     3
   Cast: Momentum Strike   |       |       |    16 |    24 |     5 ||    45
         Tukima's Dance    |       |       |       |       |     1 ||     1
 Invoke: Curse Item        |       |       |     1 |     3 |       ||     4
  Evoke: Wand              |       |       |     5 |    35 |    12 ||    52
    Use: Scroll            |     2 |     4 |     8 |    13 |    11 ||    38
         Potion            |       |     6 |     1 |    12 |    16 ||    35
   Stab: Sleeping          |       |     1 |       |     1 |       ||     2
         Held in net/web   |       |       |     3 |     1 |       ||     4
         Distracted        |       |       |       |     2 |       ||     2
         Invisible         |       |       |       |     3 |       ||     3
         Betrayed ally     |       |       |       |     1 |       ||     1
         Petrified         |       |       |       |       |    13 ||    13
         Petrifying        |       |       |       |       |     1 ||     1
 Armour: Leather armour    |    36 |    44 |    72 |    90 |   125 ||   367
         Skin              |       |     5 |       |    14 |    41 ||    60
  Dodge: Dodged            |    67 |    80 |   169 |   533 |   537 ||  1386
